 Dungeon Crawl Stone Soup version 0.23-a0-359-g9beedce (webtiles) character file.

641 Garbasso the Slasher (level 7, -1/49 HPs)
             Began as an Octopode Berserker on Oct 23, 2018.
             Was a Believer of Trog.
             Splashed by a jelly's acid (3 damage)
             ... on level 5 of the Dungeon.
             The game lasted 00:08:54 (3913 turns).

Garbasso the Slasher (Octopode Berserker)           Turns: 3913, Time: 00:08:54

Health: -1/49      AC: -11   Str: 16    XL:     7   Next: 51%
Magic:  7/7        EV: 15    Int: 10    God:    Trog [**....]
Gold:   223        SH:  0    Dex: 13    Spells: 6/6 levels left

rFire    . . .     SeeInvis .   a - +1 falchion
rCold    + . .     Gourm    .   (no shield)
rNeg     . . .     Faith    .   (helmet restricted)
rPois    +         Spirit   .   (no amulet)
rElec    .         Reflect  .   c - ring of poison resistance
rCorr    .         Harm     .   d - ring of protection from cold
MR       .....                  (no ring)
Stlth    ++........             (no ring)
HPRegen  0.16/turn              (no ring)
MPRegen  0.10/turn              (no ring)
                                (no ring)
                                (no ring)

@: corroded
A: almost no armour, stealthy swim, amphibious, 8 rings, constrict 8, camouflage
1, gelatinous body 1
a: Berserk, Trog's Hand, Renounce Religion


You were on level 5 of the Dungeon.
You worshipped Trog.
Trog was pleased with you.
You were very hungry.

You visited 1 branch of the dungeon, and saw 5 of its levels.

You collected 223 gold pieces.

Inventory:

Hand Weapons
 a - a +1 falchion (weapon)
Jewellery
 c - a ring of poison resistance (left tentacle)
 d - a ring of protection from cold (right tentacle)
Scrolls
 e - 2 scrolls of remove curse
 g - a scroll of teleportation
 i - a scroll of magic mapping
 o - a scroll of enchant weapon
Potions
 f - a potion of lignification
 k - a potion of curing {unknown}
 l - 3 potions of brilliance
 n - a potion of haste {unknown}
 p - a potion of degeneration {unknown}
Comestibles
 b - 13 rations


   Skills:
 + Level 4.9 Fighting
 * Level 6.3 Long Blades
 + Level 4.9 Dodging


You had 6 spell levels left.
You didn't know any spells.
Your spell library was empty.

Dungeon Overview and Level Annotations

Branches:
Dungeon (5/15)
 Temple: D:4-7

Altars:

Annotations:
D:2 1 runed door


Innate Abilities, Weirdness & Mutations

You cannot wear most types of armour.
You are very stealthy in the water. (Stealth+)
You are amphibious.
You can wear up to eight rings at the same time.
You can use your tentacles to constrict eight enemies at once.
Your skin changes colour to match your surroundings (Stealth+).
Your rubbery body absorbs attacks. (AC +1, EV +1)


Message History

The jelly hits you. The acid corrodes you!
You are splashed with acid!
The acid burns!
You hit the jelly but do no damage.
Your tentacles burn!
The jelly is lightly wounded.
The jelly closely misses you.
You riposte.
You hit the jelly but do no damage. You squeeze the jelly.
The jelly is lightly wounded.
You hit the jelly.
Your tentacles burn!
You squeeze the jelly!
The jelly is severely wounded.
The jelly barely misses you.
You riposte.
You hit the jelly but do no damage.
The jelly is severely wounded.
You hit the jelly.
Your tentacles burn!
* * * LOW HITPOINT WARNING * * *
The jelly is almost dead.
The jelly hits you.
* * * LOW HITPOINT WARNING * * *
The acid corrodes you!
You are splashed with acid!
The acid burns!
* * * LOW HITPOINT WARNING * * *
You hit the jelly.
Your tentacles burn!
You die...

***** **,,,,,,,* ******* ****,,,*
#........# *,,,,,* ,,,*,,,*
#........##* **,***,**
,,,*,,,****#..........# *,,,,,,,,
,,,*,,,,,,,#..........###,,,,,,,,
,,,,,,,,,,,*#............,,,,,,,,
,,,,,,,,,,,*#.....#....,..,,,,,,,
,,,,,,,,,,..#...J.#...,...,,,,,,,
,,,,,,,,,...#...@.#.##...#,******
,,,,,,,,.............#.#...######
,,,,,,,..........?...............
***,,,,.............$............
* *,,,,.%........................
***,,,,,...#.....................
,,,,,,,,......................>..
***,,,,,,#.#.........#...........
,**,,,,,,#.#.........###.........


You could see a jelly.

Vanquished Creatures
  A phantom (D:5)
  A scorpion (D:4)
  A bullfrog zombie (D:4)
  5 orc priests
  A centaur skeleton (D:4)
  An iguana (D:5)
  Natasha (thrice) (D:2)
  2 worker ants (D:4)
  3 gnolls (D:4)
  3 adders
  2 oozes
  3 dart slugs
  3 leopard geckos
  8 orcs
  5 bats
  2 giant cockroaches
  7 goblins
  4 hobgoblins
  6 jackals
  10 kobolds
  3 quokkas
  3 ball pythons
  5 frilled lizards
  A leopard gecko skeleton (D:4)
  3 rats (D:3)
86 creatures vanquished.

Notes
Turn   | Place    | Note
-------+----------+-------------------------------------------
     0 | D:1      | Garbasso the Octopode Berserker began the quest for the
                  | Orb.
     0 | D:1      | Reached XP level 1. HP: 16/16 MP: 1/1
    26 | D:1      | Reached XP level 2. HP: 17/21 MP: 2/2
   502 | D:1      | Reached XP level 3. HP: 21/26 MP: 3/3
   835 | D:1      | Reached ** piety under Trog
   957 | D:2      | Found a faded altar of an unknown god.
  1113 | D:2      | Found a runed door.
  1268 | D:2      | Noticed Natasha
  1275 | D:2      | Killed Natasha
  1275 | D:2      | Reached skill level 4 in Long Blades
  1275 | D:2      | Reached XP level 4. HP: 31/31 MP: 4/4
  1450 | D:2      | Noticed Natasha
  1464 | D:2      | Killed Natasha
  1581 | D:2      | Noticed Natasha
  1590 | D:2      | Killed Natasha
  1590 | D:2      | Reached XP level 5. HP: 13/37 MP: 5/5
  2315 | D:3      | Reached skill level 5 in Long Blades
  2315 | D:3      | Reached XP level 6. HP: 32/43 MP: 6/6
  3224 | D:4      | HP: 2/44 [orc priest/divine providence (10)]
  3225 | D:4      | Reached XP level 7. HP: 35/49 MP: 7/7
  3231 | D:4      | Reached skill level 6 in Long Blades
  3658 | D:5      | Entered Level 5 of the Dungeon
  3912 | D:5      | HP: 2/49 [acid (7)]
  3913 | D:5      | Splashed by a jelly's acid

Vault maps used:
D:1:      lemuel_arrival_behind_the_door_small, chequers_serial_rivers_micro_b,
          due_unseen_surprise
D:2:      chequers_ecumenical_altar_simple_redux, uniq_crazy_yiuf_cottage,
          uniq_robin, uniq_natasha
D:3:      first_ration, chequers_serial_rivers_small_a

Skill      XL: |  1  2  3  4  5  6  7 |
---------------+----------------------+-----
Long Blades    | 4 5 6 |  6.3
Fighting       | 4 |  4.9
Dodging        | 4 |  4.9

Action                   |  1- 3 |  4- 6 |  7- 9 || total
-------------------------+-------+-------+-------++-------
Melee: Falchion          |    55 |    88 |    25 ||   168
       Constrict         |    17 |    26 |     4 ||    47
       Tentacles         |    15 |    23 |     8 ||    46
Invok: Berserk           |     1 |     2 |     2 ||     5
       Trog's Hand       |       |     3 |       ||     3
  Use: Scroll            |       |     4 |     5 ||     9
       Potion            |       |     1 |       ||     1
 Stab: Sleeping          |     6 |     8 |       ||    14
  Eat: Chunk             |     1 |    10 |     3 ||    14
Armor: Skin              |     3 |     5 |     1 ||     9
Dodge: Dodged            |    33 |    53 |    14 ||   100
       Rpst.: Falchion   |     7 |    14 |     8 ||    29

Table legend:
 A = Non-vault XP
 B = Vault XP
 C = Vault XP percentage of total XP
 D = Non-vault monster count
 E = Vault monster count
 F = Vault count percentage of total count
                 A         B        C        D         E       F
            +---------+---------+-------+---------+---------+-------
      Total |     881 |      35 |   3.8 |      85 |       1 |   1.2
            +---------+---------+-------+---------+---------+-------
        D:1 |      42 |       0 |   0.0 |      21 |       0 |   0.0
        D:2 |     119 |      35 |  22.7 |      18 |       1 |   5.3
        D:3 |     193 |       0 |   0.0 |      25 |       0 |   0.0
        D:4 |     365 |       0 |   0.0 |      19 |       0 |   0.0
        D:5 |     162 |       0 |   0.0 |       2 |       0 |   0.0
            +---------+---------+-------+---------+---------+-------
